 Dungeon Crawl Stone Soup version 0.26-a0-18-g135ff06667 (webtiles) character file.

Game seed: 3271065505106780156, levelgen mode: deterministic

1535 Masnef the Chiller (level 8, -2/72 HPs)
             Began as an Ogre Ice Elementalist on May 25, 2020.
             Slain by a wight
             ... wielding a +0 long sword
              (5 damage)
             ... on level 4 of the Dungeon.
             The game lasted 00:16:25 (7062 turns).

Masnef the Chiller (Ogre Ice Elementalist)          Turns: 7062, Time: 00:16:26

Health: -2/72      AC:  4    Str: 13    XL:     8   Next: 86%
Magic:  12/15      EV: 10    Int: 18    God:
Gold:   141        SH:  0    Dex: 15    Spells: 5/17 levels left

rFire    . . .     SeeInvis .   v - +0 whip (flame)
rCold    . . .     Gourm    .   (no shield)
rNeg     . . .     Faith    .   a - +1 robe
rPois    .         Spirit   .   (helmet restricted)
rElec    .         Reflect  .   (no cloak)
rCorr    .         Harm     .   (gloves unavailable)
MR       .....                  (boots unavailable)
Stlth    ++........             (no amulet)
HPRegen  0.22/turn              o - ring of flight
MPRegen  0.14/turn              e - +6 ring of dexterity

@: drained
A: large, unfitting armour, tough skin 1
a: Evoke Flight


You were on level 4 of the Dungeon.
You were near starving.

You visited 1 branch of the dungeon, and saw 5 of its levels.

You collected 141 gold pieces.

Inventory:

Hand Weapons
 g - a +0 club
 m - a +0 flail
 v - a +0 whip of flaming (weapon)
Armour
 a - a +1 robe (worn)
Jewellery
 e - a +6 ring of dexterity (right hand)
 o - a ring of flight (left hand)
 t - a +6 ring of intelligence {unknown}
Wands
 h - a wand of iceblast (6)
 n - a wand of digging (11)
 s - a wand of disintegration (18)
 u - a wand of acid (7)
Scrolls
 b - 7 scrolls of identify
 i - a scroll of enchant armour
 q - a scroll of remove curse
Potions
 d - 2 potions of heal wounds
 f - a potion of ambrosia {unknown}
 k - 2 potions of curing {unknown}
 l - a potion of flight {unknown}
 p - a potion of lignification {unknown}
Comestibles
 c - 8 rations


   Skills:
 + Level 1.9(1.0) Fighting
 * Level 3.7(2.8) Maces & Flails
 + Level 3.2(2.3) Dodging
 - Level 1.4(0.5) Stealth
 - Level 5.2(4.3) Spellcasting
 * Level 2.0(1.2) Conjurations
 * Level 1.7(0.8) Summonings
 * Level 7.6(6.6) Ice Magic


You had 5 spell levels left.
You knew the following spells:

 Your Spells              Type           Power        Failure   Level  Hunger
a - Freeze                Ice            ####         1%          1    None
b - Frozen Ramparts       Ice            ####..       2%          3    ###....
c - Hailstorm             Conj/Ice       ###.....     28%         4    ####...
d - Summon Ice Beast      Ice/Summ       ###.....     30%         4    ####...

Your spell library contained the following spells:

 Spells                   Type           Power        Failure   Level  Hunger
 Ozocubu's Armour         Chrm/Ice       ###.....     11%         3    ###....


Dungeon Overview and Level Annotations

Branches:
Dungeon (5/15)
 Temple: D:4-7

Altars:
Fedhas
Qazlal
Ru
Zin

Shops:
D:4 :


Innate Abilities, Weirdness & Mutations

You are too large for most types of armour.
You have tough skin. (AC +1)


Message History

The wight hits you with a +0 long sword!
* * * LOW HITPOINT WARNING * * *
You feel drained.
* * * LOW HITPOINT WARNING * * *
Unknown command.
Casting: Freeze (safe; 1% risk of failure)
Confirm with . or Enter, or press ? or * to list all spells.
Aiming: Freeze (safe; 1% risk of failure)
Press: ? - help, Shift-Dir - straight line, f/p - wight
Aim: a wight, wielding a +0 long sword and wearing a +0 ring mail (almost destroyed)
Okay, then.
You hit the wight but do no damage.
The wight is almost destroyed.
The wight hits you with a +0 long sword.
* * * LOW HITPOINT WARNING * * *
Unknown command.
You hit the wight but do no damage.
The wight is almost destroyed.
The wight hits you with a +0 long sword.
You die...

## #.............#..#####....#
≈###...........####..##......#
≈#.............# #..........##
≈'.....).......#####..........###
≈#...#...................##.....#
≈#...##.....#.........#.........#
##...#...#.....................##
#...#########...)...............#
#...#..)<...#...@[...##..........
#..##.♣W..♣.#..z..<.............#
...##.......#......)(..........##
..).#.♣...♣.#.(....(##(......####
###.#.(.....#(.#...(###......#...
###.#.♣...♣.#..#.##.(.......##...
....#.......#.#..#...#..#...##.._
#.#.####)####.....#..##.##.###...
#.......[##.##..........##...#...


You could see a wight.

Vanquished Creatures
  Pikel (D:4)
  A nameless horror (D:3)
  4 slaves (D:4)
  An orc warrior (D:4)
  3 ogres
  A scorpion (D:4)
  A centaur skeleton (D:4)
  8 orc wizards
  2 orc priests (D:4)
  2 iguanas
  Natasha (thrice) (D:4)
  3 worker ants
  2 adders
  2 oozes
  2 worms
  4 dart slugs
  4 leopard geckos
  16 orcs
  14 giant cockroaches
  5 goblins
  8 hobgoblins
  3 jackals
  11 bats
  2 frilled lizards
  6 kobolds
  5 rats (D:2)
114 creatures vanquished.

Vanquished Creatures (collateral kills)
  A phantom (D:4)
1 creature vanquished.

Grand Total: 115 creatures vanquished

Notes
Turn   | Place    | Note
-------+----------+-------------------------------------------
     0 | D:1      | Masnef the Ogre Ice Elementalist began the quest for the
                  | Orb.
     0 | D:1      | Reached XP level 1. HP: 16/16 MP: 3/3
   157 | D:1      | Reached skill level 4 in Ice Magic
   157 | D:1      | Reached XP level 2. HP: 24/24 MP: 5/5
   978 | D:2      | Reached XP level 3. HP: 30/31 MP: 3/6
  1471 | D:2      | Reached skill level 1 in Maces & Flails
  1701 | D:2      | Learned a level 3 spell: Frozen Ramparts
  2093 | D:3      | Reached XP level 4. HP: 39/39 MP: 5/7
  2615 | D:3      | Noticed an ogre
  2624 | D:3      | Killed an ogre
  2624 | D:3      | Reached skill level 5 in Ice Magic
  2624 | D:3      | Reached XP level 5. HP: 36/45 MP: 0/10
  3253 | D:4      | Reached XP level 6. HP: 52/53 MP: 4/11
  3510 | D:4      | Noticed an orc warrior
  3511 | D:4      | Noticed Pikel
  3511 | D:4      | Noticed a slave
  3512 | D:4      | Noticed a slave
  3514 | D:4      | Noticed a slave
  3726 | D:4      | Noticed Natasha
  3823 | D:4      | Killed Natasha
  3823 | D:4      | Reached XP level 7. HP: 57/61 MP: 9/13
  3941 | D:4      | Found a stormy altar of Qazlal.
  4113 | D:4      | Reached skill level 5 in Spellcasting
  4119 | D:4      | Learned a level 4 spell: Hailstorm
  4149 | D:4      | Reached skill level 1 in Fighting
  4149 | D:4      | Reached skill level 6 in Ice Magic
  4489 | D:3      | Learned a level 4 spell: Summon Ice Beast
  4514 | D:4      | Noticed a nameless horror
  4999 | D:3      | Killed a nameless horror
  5274 | D:4      | Reached skill level 1 in Conjurations
  5763 | D:4      | Noticed Natasha
  5771 | D:4      | Killed Natasha
  5771 | D:4      | Reached XP level 8. HP: 61/70 MP: 11/15
  5816 | D:4      | Noticed Natasha
  5826 | D:4      | Killed Natasha
  5982 | D:4      | Found Avvopt's Book Boutique.
  6031 | D:4      | Killed Pikel
  6031 | D:4      | Reached skill level 1 in Summonings
  6031 | D:4      | Reached skill level 7 in Ice Magic
  6231 | D:5      | Entered Level 5 of the Dungeon
  6458 | D:4      | Found a blossoming altar of Fedhas.
  6690 | D:5      | Found a glowing silver altar of Zin.
  6690 | D:5      | Found a sacrificial altar of Ru.
  6718 | D:5      | Noticed a nameless horror
  7061 | D:4      | HP: 3/72 [wight/+0 long sword (4)]
  7062 | D:4      | Slain by a wight

Illustrated notes

Levels and vault maps discovered:
D:1:      wander_arrival_desolate, layout_loops_ring
D:2:      layout_basic
D:3:      minmay_roachtagon, layout_loops_ring, first_ration, st_stairs_14
D:4:      lemuel_upstairs_altar, layout_cave_pools, serial_shops, shop,
          grunt_ministairs_3, chequers_serial_rivers_room_b,
          nicolae_qazlal_general_emergency, uniq_natasha, uniq_pikel
D:5:      minmay_spotlight, layout_loops_ring,
          chequers_temple_overflow_statue_of_worship, minmay_temple_entry_mist,
          sword_in_stone

Skill      XL: |  1  2  3  4  5  6  7  8 |
---------------+-------------------------+-----
Ice Magic      | 4 5 6 7 |  7.6
Maces & Flails | 1 2 3 |  3.7
Dodging        | 2 3 |  3.2
Spellcasting   | 3 4 5 |  5.2
Fighting       | 1 |  1.9
Conjurations   | 1 2 |  2.0
Summonings     | 1 |  1.7
Stealth        | |  1.4

Action                   |  1- 3 |  4- 6 |  7- 9 || total
-------------------------+-------+-------+-------++-------
Melee: Unarmed           |    22 |       |       ||    22
       Club              |    43 |    55 |     7 ||   105
       Flail             |       |       |    35 ||    35
       Whip              |       |       |    14 ||    14
 Cast: Freeze            |    42 |    47 |    80 ||   169
       Frozen Ramparts   |     1 |     8 |    15 ||    24
       Summon Ice Beast  |       |       |     3 ||     3
       Hailstorm         |       |       |     1 ||     1
Evoke: Wand              |       |     1 |     1 ||     2
  Use: Scroll            |       |     6 |     3 ||     9
 Stab: Sleeping          |     3 |       |       ||     3
       Distracted        |       |       |     1 ||     1
  Eat: Chunk             |     4 |     6 |     7 ||    17
       Ration            |       |       |     1 ||     1
Armor: Robe              |    51 |    24 |    24 ||    99
Dodge: Dodged            |    66 |    69 |    66 ||   201

Table legend:
 A = Non-vault XP
 B = Vault XP
 C = Vault XP percentage of total XP
 D = Non-vault monster count
 E = Vault monster count
 F = Vault count percentage of total count
                 A         B        C        D         E       F
            +---------+---------+-------+---------+---------+-------
      Total |    1487 |     707 |  32.2 |      94 |      16 |  14.5
            +---------+---------+-------+---------+---------+-------
        D:1 |      33 |       0 |   0.0 |      17 |       0 |   0.0
        D:2 |      44 |       0 |   0.0 |      17 |       0 |   0.0
        D:3 |     302 |      23 |   7.1 |      27 |      12 |  30.8
        D:4 |     920 |     650 |  41.4 |      30 |       2 |   6.2
        D:5 |     188 |      34 |  15.3 |       3 |       2 |  40.0
            +---------+---------+-------+---------+---------+-------
